 Dungeon Crawl Stone Soup version 0.23.2-1-ga50397a (webtiles) character file.

Game seed: 3746837652453931806

179 Fang the Skirmisher (level 5, 0/34 HPs)
             Began as a Gargoyle Berserker on Apr 30, 2019.
             Was a Believer of Trog.
             Slain by a worm (5 damage)
             ... on level 3 of the Dungeon.
             The game lasted 00:02:19 (2351 turns).

Fang the Skirmisher (Gargoyle Berserker)            Turns: 2351, Time: 00:02:19

Health: 0/34       AC:  6    Str: 22    XL:     5   Next: 59%
Magic:  5/5        EV: 12    Int:  7    God:    Trog [**....]
Gold:   187        SH:  0    Dex:  9    Spells: 4/4 levels left

rFire    . . .     SeeInvis .   a - +0 hand axe
rCold    . . .     Gourm    .   (no shield)
rNeg     + . .     Faith    .   b - +0 animal skin
rPois    ∞         Spirit   .   (no helmet)
rElec    +         Reflect  .   (no cloak)
rCorr    .         Harm     .   (no gloves)
MR       .....                  (no boots)
Stlth    +.........             (no amulet)
HPRegen  0.11/turn              (no ring)
MPRegen  0.09/turn              (no ring)

@: no status effects
A: negative energy resistance 1, electricity resistance, unbreathing,
petrification resistance, rot immunity, AC +4
a: Berserk, Trog's Hand, Renounce Religion


You were on level 3 of the Dungeon.
You worshipped Trog.
Trog was pleased with you.
You were not hungry.

You visited 1 branch of the dungeon, and saw 3 of its levels.

You collected 187 gold pieces.

Inventory:

Hand Weapons
 a - a +0 hand axe (weapon)
Armour
 b - a +0 animal skin (worn)
Jewellery
 q - a cursed ring of teleportation {unknown}
Scrolls
 e - a scroll of identify {unknown}
 g - a scroll of amnesia {unknown}
 j - 3 scrolls of enchant weapon {unknown}
 m - 2 scrolls of teleportation {unknown}
 n - a scroll of immolation {unknown}
 o - a scroll of silence {unknown}
 p - a scroll of remove curse {unknown}
 s - a scroll of fog {unknown}
Potions
 d - a potion of brilliance {unknown}
 f - a potion of berserk rage {unknown}
 h - a potion of resistance {unknown}
 i - a potion of magic {unknown}
 k - a potion of lignification {unknown}
 l - a potion of curing {unknown}
Comestibles
 c - 6 rations


   Skills:
 + Level 4.3 Fighting
 + Level 3.6 Axes
 + Level 3.6 Armour
 + Level 2.6 Dodging


You had 4 spell levels left.
You didn't know any spells.
Your spell library was empty.

Dungeon Overview and Level Annotations

Branches:
Dungeon (3/15)

Altars:
Ashenzari


Innate Abilities, Weirdness & Mutations

You are resistant to torment.
Your stone body is resilient. (AC +4)
You are immune to poison.
You resist negative energy. (rN+)
You are resistant to electric shocks. (rElec)
You can survive without breathing.
You are immune to petrification.
You are immune to rotting.


Message History

The kobold barely misses you.
You see here an adder corpse.
The kobold misses you.
You hit the kobold.
You kill the kobold!
Trog accepts your kill.
A worm comes into view.
Things that are here:
8 gold pieces; a kobold corpse You see here an adder corpse.
You butcher the adder corpse.
Things that are here:
2 chunks of flesh; an adder skeleton You recover from your berserk rage.
The worm bites you!
* * * LOW HITPOINT WARNING * * *
You hit the worm.
The worm is lightly wounded.
The worm bites you.
You die...

## #..# . #..# .#
..# .. ##.
#.######.# ... #
#.. #$)......#
..###.##
#.##.%######
#..#...####....#
#[.###..?.#...#
.##.#.#)####w@.#
...#..(#.......#
#..##†####..#..#
#..##......##.#
#.)...(....##>#
#.#.##.#......(..
#...............#
##.##..##.#..###
# #..# ## .#


You could see a worm.

Vanquished Creatures
  A centaur (D:3)
  2 adders (D:3)
  A worm (D:2)
  2 dart slugs
  2 leopard geckos (D:1)
  7 bats
  6 giant cockroaches
  6 goblins
  5 hobgoblins
  8 jackals (D:2)
  11 kobolds
  2 quokkas
  6 frilled lizards
  9 rats
68 creatures vanquished.

Notes
Turn   | Place    | Note
-------+----------+-------------------------------------------
     0 | D:1      | Fang the Gargoyle Berserker began the quest for the Orb.
     0 | D:1      | Reached XP level 1. HP: 14/14 MP: 1/1
    66 | D:1      | Reached XP level 2. HP: 19/19 MP: 2/2
   390 | D:1      | Reached XP level 3. HP: 21/23 MP: 3/3
   484 | D:1      | Reached ** piety under Trog
   951 | D:2      | Found a shattered altar of Ashenzari.
  1625 | D:2      | Reached XP level 4. HP: 25/29 MP: 4/4
  2300 | D:3      | Noticed a centaur
  2306 | D:3      | Killed a centaur
  2306 | D:3      | Reached skill level 4 in Fighting
  2306 | D:3      | Reached XP level 5. HP: 26/33 MP: 5/5
  2351 | D:3      | Slain by a worm

Skill      XL: |  1  2  3  4 |
---------------+-------------+-----
Axes           | 3 |  3.6
Dodging        | 2 |  2.6
Armour         | 3 |  3.6
Fighting       | 4 |  4.3

Action                   |  1- 3 |  4- 6 || total
-------------------------+-------+-------++-------
Melee: Hand axe          |   182 |    65 ||   247
Invok: Berserk           |       |     2 ||     2
 Stab: Sleeping          |     1 |       ||     1
  Eat: Chunk             |     3 |     4 ||     7
Armor: Animal skin       |    79 |    21 ||   100
Dodge: Dodged            |   141 |    50 ||   191
